 Dungeon Crawl Stone Soup version 0.24-a0-170-gd8427f5 (webtiles) character file.

Game seed: 4667102597300182343

27334 mortelune the Envoy of Void (level 13, -2/123 HPs)
             Began as a Demonspawn Abyssal Knight on Mar 9, 2019.
             Was a High Priest of Lugonu.
             Engulfed by a cloud of freezing vapour (9 damage)
             ... in an ice cave.
             The game lasted 01:09:11 (23469 turns).

mortelune the Envoy of Void (DsAK)                 Turns: 23469, Time: 01:09:12

Health: -2/123     AC: 16    Str: 22    XL:     13   Next: 3%
Magic:  0/22       EV: 16    Int: 15    God:    Lugonu [*****.]
Gold:   906        SH:  0    Dex: 12    Spells: 12/12 levels left

rFire    . . .     SeeInvis .   a - +4 great sword (slice)
rCold    + . .     Gourm    .   (shield currently unavailable)
rNeg     . . .     Faith    .   r - +3 scale mail
rPois    .         Spirit   +   K - +0 hat
rElec    .         Reflect  .   O - +2 cloak
rCorr    .         Harm     .   A - +0 pair of gloves
MR       .....                  (no boots)
Stlth    ..........             d - amulet of guardian spirit
HPRegen  0.30/turn              f - +5 ring of strength
MPRegen  0.18/turn              m - ring of protection from cold

@: repel missiles
A: horns 2, repulsion field 3, demonic guardian 1, robust 2, rot immunity
a: Depart the Abyss, Bend Space, Banish, Corrupt, Enter the Abyss, Renounce
Religion


You were in an ice cave.
You worshipped Lugonu.
Lugonu was extremely pleased with you.
You were not hungry.

You visited 2 branches of the dungeon, and saw 16 of its levels.
You visited the Abyss 1 time.
You also visited: Gauntlet and Ice Cave.

You collected 1016 gold pieces.
You spent 110 gold pieces at shops.

Inventory:

Hand Weapons
 a - a +4 great sword of slicing (weapon)
 b - a +2 hunting sling
 s - a +2 short sword of distortion
 y - a +2 morningstar of protection
 D - a +0 bardiche of freezing
 P - a +1 glaive of freezing
Missiles
 v - 7 javelins (quivered)
 B - 10 tomahawks
 H - 295 stones
 J - 6 silver tomahawks
Armour
 q - a +0 leather armour of poison resistance
 r - a +3 scale mail (worn)
 A - a +0 pair of gloves (worn)
 K - a +0 hat (worn)
 O - a +2 cloak (worn)
 R - a +1 leather armour of fire resistance
 W - a +0 plate armour
Jewellery
 d - an amulet of guardian spirit (around neck)
 f - a +5 ring of strength (left hand)
 m - a ring of protection from cold (right hand)
 E - a +4 ring of intelligence
 U - a cursed ring of see invisible
 V - an uncursed amulet of rage
 Y - an uncursed ring of protection from magic
Wands
 l - a wand of random effects (17)
 x - a wand of paralysis (13)
 F - a wand of enslavement (15)
 G - a wand of polymorph (3)
 I - a wand of acid (16)
 Q - a wand of scattershot (3)
Scrolls
 g - 2 scrolls of remove curse
 h - 2 scrolls of immolation
 o - 2 scrolls of identify
 p - 5 scrolls of teleportation
 w - 6 scrolls of amnesia
 C - a scroll of fog
 M - a scroll of silence
 N - 3 scrolls of enchant weapon
 T - a scroll of fear
Potions
 e - 4 potions of brilliance
 i - 2 potions of agility
 k - 2 potions of flight
 n - 2 potions of haste
 t - 3 potions of berserk rage
 u - a potion of might
 z - 4 potions of magic
 L - 3 potions of invisibility
 S - a potion of curing
 X - 2 potions of mutation
 Z - a potion of lignification
Comestibles
 c - 21 rations


   Skills:
 + Level 10.3 Fighting
 * Level 12.1 Long Blades
 - Level 3.1 Slings
 + Level 9.3 Armour
 - Level 4.4 Dodging
 + Level 12.6 Invocations


You had 12 spell levels left.
You didn't know any spells.
Your spell library contained the following spells:

 Spells                   Type           Power        Failure   Level  Hunger
 Confusing Touch          Hex            #.....       52%         1    ##.....
 Corona                   Hex            #......      52%         1    ##.....
 Infusion                 Chrm           #...         52%         1    ##.....
 Magic Dart               Conj           #...         52%         1    ##.....
 Blink                    Tloc           N/A          65%         2    ###....
 Ensorcelled Hibernation  Hex/Ice        #.....       65%         2    ###....
 Searing Ray              Conj           #.....       65%         2    ###....
 Shroud of Golubria       Chrm/Tloc      #.........   65%         2    ###....
 Confuse                  Hex            #.......     87%         3    ####...
 Dazzling Spray           Conj/Hex       #.....       87%         3    ####...
 Gell's Gravitas          Tloc           #.........   87%         3    ####...
 Ignite Poison            Fire/Tmut/Pois #.......     87%         3    ####...
 Lesser Beckoning         Tloc           #.........   87%         3    ####...
 Spider Form              Tmut/Pois      #.........   87%         3    ####...
 Teleport Other           Tloc           #.......     87%         3    ####...
 Tukima's Dance           Hex            #.......     87%         3    ####...
 Force Lance              Conj/Tloc      #.......     99%         4    #####..
 Fulminant Prism          Conj/Hex       #.........   99%         4    #####..
 Iskenderun's Mystic Bla  Conj           #.......     99%         4    #####..
 Olgreb's Toxic Radiance  Pois           #.......     99%         4    #####..
 Passage of Golubria      Tloc           N/A          99%         4    #####..
 Petrify                  Tmut/Erth      #.......     99%         4    #####..
 Metabolic Englaciation   Hex/Ice        #.........   100%        5    ######.
 Yara's Violent Unravell  Hex/Tmut       #.........   100%        5    ######.


Dungeon Overview and Level Annotations

Branches:
Dungeon (11/15)            Temple (0/1) D:6            Lair (5/6) D:9
 Shoals (0/4) Lair:4        Snake (0/4) Lair:3        Slime (0/5) Lair:5
    Orc: D:9-12

Altars:
Ashenzari
Cheibriados
Dithmenos
Fedhas
Gozag
Makhleb
Nemelex Xobeh
Okawaru
Ru
Sif Muna
Uskayaw
Vehumet
Wu Jian
Xom
Yredelemnul
Jiyva

Shops:
D:4 }   D:10 (

Annotations:
D:4 Natasha
D:5 1 runed translucent door, exclusion: oklob plant
Lair:1 corrupted
Lair:5 Nessos
Abyss:1 Harold; Sigmund


Innate Abilities, Weirdness & Mutations

You have a pair of horns on your head.
You are surrounded by a strong repulsion field. (EV +4, RMsl)
A weak demonic guardian rushes to your aid.
You are very robust. (+20% HP)
You are immune to rotting.


Message History

Your shadow imp closely misses the reaper.
Your white imp is engulfed in freezing vapours.
Your shadow imp misses the reaper.
Your shadow imp completely misses the reaper.
The reaper is engulfed in freezing vapours.
Your shadow imp disappears in a puff of smoke!
The reaper completely misses you.
Your surroundings suddenly seem different.
You are engulfed in freezing vapours.
You resist.
* * * LOW HITPOINT WARNING * * *
You feel better.
You are engulfed in freezing vapours.
You resist.
* * * LOW HITPOINT WARNING * * *
Quiver which item? (- for none, * to show all) (? for menu, Esc to quit)
Okay, then.
Unknown command.
Okay, then.
You feel better.
You are engulfed in freezing vapours.
You resist.
* * * LOW HITPOINT WARNING * * *
You are engulfed in freezing vapours.
You resist.
You die...

## #.. §§..#☼§§#
##....#..# ##.
§§..#§§§###....##..#
#. #
§###☼§○.##....#..##
##°
#§##○§○§§.##...##..#
..#.#§°.§.#..##..#..##
##.§§§°§§###..####..#
#...☼§§§§# #...###.##
#..§○§§§## ##..#..##
##..§§@§# ##....#
#...§§## ##..##
##...## #### ##.# ##


There were no monsters in sight!

Vanquished Creatures
  7 death yaks (Lair:4)
  Nergalle (Lair:1)
  A manticore (Lair:4)
  An elephant (Lair:1)
  2 ice statues (IceCv)
  4 spiny frogs
  4 komodo dragons
  6 ice devils (IceCv)
  A queen bee (D:9)
  Grinder (D:5)
  2 hornets
  13 blink frogs
  4 dream sheep (Lair:4)
  4 hippogriffs
  3 water elementals (D:11)
  A wyvern (Lair:2)
  6 yaks
  2 basilisks
  A soldier ant (D:9)
  3 nagas (Lair:3)
  5 water moccasins
  2 orc warriors (D:10)
  8 porcupines
  12 ice beasts
  A black bear (D:9)
  6 centaurs
  4 sky beasts
  5 ogres
  14 wolves
  8 crocodiles
  A big kobold (D:9)
  9 bullfrogs
  5 scorpions
  16 killer bees
  2 howler monkeys
  A bullfrog zombie (D:10)
  6 hounds
  3 jellies
  2 bullfrog skeletons (D:5)
  2 centaur skeletons
  A centaur zombie (D:5)
  An orc priest (D:3)
  11 orc wizards
  2 iguanas
  4 worker ants
  Natasha (D:4)
  A killer bee zombie (D:10)
  2 hound zombies
  2 worker ant zombies
  7 adders
  3 shadow imps
  9 white imps (IceCv)
  6 ufetubi (IceCv)
  An ooze (D:6)
  2 adder zombies
  An adder skeleton (D:9)
  7 worms
  24 orcs
  7 bats
  7 giant cockroaches
  13 goblins
  4 hobgoblins
  9 jackals
  10 kobolds
  3 quokkas
  2 ball pythons
  6 frilled lizards
  A leopard gecko skeleton (D:4)
  A quokka zombie (D:6)
  9 rats
336 creatures vanquished.

Vanquished Creatures (collateral kills)
  An elephant (Lair:5)
  A komodo dragon (Lair:5)
  A dream sheep (Lair:4)
  A hippogriff (Lair:2)
  A naga (Lair:3)
  2 porcupines (D:9)
  A black bear (D:9)
  A wolf (Lair:2)
  A big kobold (D:8)
  3 bullfrogs
  A hound (D:10)
  A centaur skeleton (D:8)
  Natasha (D:4)
  An adder (D:10)
  A worm (D:5)
  3 orcs
  5 goblins (D:3)
  2 jackals (D:7)
  A ball python (D:5)
29 creatures vanquished.

Vanquished Creatures (others)
  A hydra (Lair:1)
  A two-headed ogre (D:10)
  2 oklob plants (Lair:1)
  A black mamba (Lair:1)
  A spiny frog (Lair:1)
  A troll (D:9)
  A hippogriff (Lair:1)
  A hornet (D:9)
  5 blink frogs (Lair:1)
  A wyvern (Lair:1)
  The ghost of Arthanis the Chopper, an amateur GrBe of Trog (D:5)
  A soldier ant (D:9)
  A water moccasin (Lair:1)
  3 porcupines
  A centaur (D:7)
  A crocodile (Lair:4)
  2 bullfrogs (Lair:1)
  A killer bee (D:9)
  A crimson imp (D:5)
  A centaur skeleton (D:6)
  An iguana (D:6)
  A hound zombie (D:8)
  3 white imps (IceCv)
  2 ufetubi (IceCv)
  A worm (D:5)
  An orc (D:7)
  A kobold (D:9)
  40 fungi
  18 plants
96 creatures vanquished.

Grand Total: 461 creatures vanquished

Notes
Turn   | Place    | Note
-------+----------+-------------------------------------------
     0 | Abyss:1  | mortelune the Demonspawn Abyssal Knight began the quest for
                  | the Orb.
     0 | Abyss:1  | Reached XP level 1. HP: 18/18 MP: 2/2
    38 | Abyss:1  | Noticed a ynoxinul
    40 | D:1      | Escaped the Abyss
    71 | D:1      | Reached skill level 1 in Dodging
   281 | D:1      | Reached * piety under Lugonu
   288 | D:1      | Gained mutation: A weak demonic guardian rushes to your
                  | aid. [demonic ancestry]
   288 | D:1      | Reached XP level 2. HP: 19/24 MP: 2/4
  1028 | D:2      | Found a shattered altar of Ashenzari.
  1028 | D:2      | Found a basalt altar of Yredelemnul.
  1030 | D:2      | Found a shimmering altar of Xom.
  1246 | D:2      | Gained mutation: You have a pair of small horns on your
                  | head. [demonic ancestry]
  1246 | D:2      | Reached XP level 3. HP: 23/29 MP: 5/5
  1511 | D:2      | Found a shadowy altar of Dithmenos.
  2191 | D:3      | Found a sacrificial altar of Ru.
  2195 | D:3      | Reached ** piety under Lugonu
  2205 | D:3      | Reached XP level 4. HP: 32/35 MP: 6/6
  2525 | D:3      | Noticed an ogre
  2619 | D:4      | Found Eluetoll's Gadget Boutique.
  2639 | D:4      | Bought a wand of enslavement (8) for 110 gold pieces
  2893 | D:4      | Noticed Natasha
  2899 | D:4      | Killed Natasha
  3193 | D:4      | Gained mutation: You are immune to rotting. [demonic
                  | ancestry]
  3193 | D:4      | Reached XP level 5. HP: 41/42 MP: 7/7
  3214 | D:4      | Found an iron altar of Okawaru.
  3307 | D:4      | Noticed Natasha
  3317 | D:4      | Killed Natasha
  3420 | D:4      | Noticed Natasha
  3633 | D:4      | Found a deep blue altar of Sif Muna.
  3819 | D:5      | Entered Level 5 of the Dungeon
  3858 | D:5      | Noticed Grinder
  3883 | D:5      | Killed Grinder
  3883 | D:5      | Gained mutation: You are surrounded by a mild repulsion
                  | field. (EV +2) [demonic ancestry]
  3883 | D:5      | Reached XP level 6. HP: 12/48 MP: 2/9
  4163 | D:5      | Found a radiant altar of Vehumet.
  4163 | D:5      | Found a sparkling altar of Nemelex Xobeh.
  4223 | D:5      | Found a blossoming altar of Fedhas.
  4238 | D:5      | Noticed an oklob plant
  4473 | D:5      | Gained mutation: You have a pair of horns on your head.
                  | [demonic ancestry]
  4473 | D:5      | Reached XP level 7. HP: 55/55 MP: 8/10
  4476 | D:5      | Found a runed translucent door.
  4482 | D:5      | Noticed Arthanis's ghost (amateur GrBe)
  4512 | D:5      | Found a runed translucent door.
  5008 | D:6      | Noticed Sigmund
  5557 | D:6      | You fall through a shaft!
  5558 | D:7      | Noticed Harold
  5570 | D:7      | Banished Harold
  5570 | D:7      | Reached skill level 5 in Fighting
  5570 | D:7      | Reached skill level 5 in Long Blades
  5570 | D:7      | Reached skill level 5 in Invocations
  5570 | D:7      | Gained mutation: You are surrounded by a moderate repulsion
                  | field. (EV +3) [demonic ancestry]
  5570 | D:7      | Reached XP level 8. HP: 47/62 MP: 8/12
  5723 | D:7      | Found an opulent altar of Gozag.
  5897 | D:7      | Found a hide-covered altar of Uskayaw.
  6043 | D:7      | Reached *** piety under Lugonu
  6436 | D:8      | Noticed a hornet
  6461 | D:8      | Killed a hornet
  7074 | D:8      | Reached skill level 5 in Armour
  7099 | D:8      | Gained mutation: You are robust. (+10% HP) [demonic
                  | ancestry]
  7099 | D:8      | Reached XP level 9. HP: 47/75 MP: 10/14
  7858 | D:9      | Noticed a troll
  8151 | D:9      | Found a staircase to the Lair.
  8334 | D:9      | Reached **** piety under Lugonu
  9249 | D:9      | Gained mutation: You are very robust. (+20% HP) [demonic
                  | ancestry]
  9249 | D:9      | Reached XP level 10. HP: 73/94 MP: 13/16
  9783 | D:6      | Banished Sigmund
 10027 | D:6      | Found a burning altar of Makhleb.
 10084 | D:6      | Found a staircase to the Ecumenical Temple.
 10150 | D:6      | Found a snail-covered altar of Cheibriados.
 10525 | D:5      | Banished Arthanis's ghost
 10797 | D:10     | Entered Level 10 of the Dungeon
 12380 | Lair:1   | Entered Level 1 of the Lair of Beasts
 12391 | Lair:1   | Corrupted Lair:1
 12391 | Lair:1   | Noticed a smoke demon
 12391 | Lair:1   | Noticed a sixfirhy
 12391 | Lair:1   | Noticed a tentacled starspawn
 12391 | Lair:1   | Noticed an orange demon
 12391 | Lair:1   | Noticed a thrashing horror
 12391 | Lair:1   | Noticed an orange demon
 12391 | Lair:1   | Noticed a thrashing horror
 12391 | Lair:1   | Noticed a thrashing horror
 12392 | Lair:1   | Noticed a shadow demon
 12392 | Lair:1   | Noticed a smoke demon
 12393 | Lair:1   | Noticed a starcursed mass
 12393 | Lair:1   | Noticed an orange demon
 12393 | Lair:1   | Noticed a smoke demon
 12393 | Lair:1   | Noticed a reaper
 12413 | Lair:1   | Killed a black mamba
 12419 | Lair:1   | Killed an oklob plant
 12421 | Lair:1   | Killed an oklob plant
 12426 | Lair:1   | Noticed a tentacled starspawn
 12433 | Lair:1   | Noticed a worldbinder
 12436 | Lair:1   | Noticed a worldbinder
 12442 | Lair:1   | Noticed a thrashing horror
 12444 | Lair:1   | Killed a four-headed hydra
 12445 | Lair:1   | Noticed a smoke demon
 12447 | Lair:1   | Found a gate leading to a gauntlet.
 12447 | Lair:1   | Noticed a starcursed mass
 12453 | Lair:1   | Noticed a starcursed mass
 12457 | Gauntlet | Entered a Gauntlet
 12457 | Gauntlet | Found a transporter.
 12581 | Gauntlet | Found a transporter.
 12594 | Gauntlet | Found a transporter.
 12599 | Gauntlet | Found a transporter.
 12613 | Gauntlet | Noticed a ghost crab
 12614 | Gauntlet | Found a transporter.
 12633 | Gauntlet | Found a transporter.
 12635 | Gauntlet | Noticed a spectral eight-headed hydra
 12636 | Gauntlet | Noticed a death scarab
 12637 | Gauntlet | Noticed a death scarab
 12644 | Gauntlet | Noticed a seven-headed hydra
 12644 | Gauntlet | Noticed an entropy weaver
 12644 | Gauntlet | a seven-headed hydra changed into an entropy weaver
 12645 | Gauntlet | Found a transporter.
 12645 | Gauntlet | Noticed a storm dragon
 12645 | Gauntlet | an entropy weaver changed into a storm dragon
 12650 | Gauntlet | Noticed an emperor scorpion
 12650 | Gauntlet | a storm dragon changed into an emperor scorpion
 12653 | Gauntlet | Noticed a sixfirhy
 12654 | Gauntlet | Found a transporter.
 12664 | Gauntlet | Noticed a sixfirhy
 12665 | Gauntlet | Found a large runed translucent door.
 12666 | Gauntlet | Found a large runed translucent door.
 12666 | Gauntlet | Noticed a sixfirhy
 12667 | Gauntlet | Found a large runed translucent door.
 12667 | Gauntlet | Found a large runed translucent door.
 12668 | Gauntlet | Found a runed translucent gate.
 12668 | Gauntlet | Noticed a cacodemon
 12669 | Gauntlet | Found a transporter.
 12669 | Gauntlet | Found a runed translucent gate.
 12670 | Gauntlet | Found a runed translucent gate.
 12671 | Gauntlet | Found a large runed translucent door.
 12671 | Gauntlet | Found a large runed translucent door.
 12671 | Gauntlet | Found a runed translucent door.
 12671 | Gauntlet | Found a runed translucent door.
 12672 | Gauntlet | Found a large runed translucent door.
 12673 | Gauntlet | Found a large runed translucent door.
 12675 | Gauntlet | Found a transporter.
 12680 | Gauntlet | Found a large runed translucent door.
 12680 | Gauntlet | Found a large runed translucent door.
 12681 | Gauntlet | Found a large runed translucent door.
 12682 | Gauntlet | Found a large runed translucent door.
 12687 | Gauntlet | Noticed a molten gargoyle
 12690 | Gauntlet | Found a transporter.
 12690 | Gauntlet | Noticed a catoblepas
 12705 | Gauntlet | Noticed a gargoyle
 12708 | Gauntlet | Found a transporter.
 12708 | Gauntlet | Noticed a gargoyle
 12726 | Gauntlet | Found a large runed translucent door.
 12727 | Gauntlet | Found a large runed translucent door.
 12728 | Gauntlet | Found a large runed translucent door.
 12728 | Gauntlet | Found a large runed translucent door.
 12732 | Gauntlet | Found a transporter.
 12733 | Gauntlet | Noticed a wizard
 12770 | Gauntlet | Noticed a shining eye
 12773 | Gauntlet | Found a transporter.
 12773 | Gauntlet | Found a transporter.
 12775 | Gauntlet | Found a transporter.
 12794 | Gauntlet | Noticed a spiny frog
 12803 | Gauntlet | Found a transporter.
 12805 | Gauntlet | Found a transporter.
 12816 | Gauntlet | Noticed a guardian serpent
 12816 | Gauntlet | a spiny frog changed into a guardian serpent
 12820 | Gauntlet | Noticed a spiny frog
 12820 | Gauntlet | a guardian serpent changed into a spiny frog
 13089 | Lair:1   | Identified Cufrerin's Catalogue of Nocuous Benedictions
 13222 | Lair:1   | Noticed Nergalle
 13526 | Lair:1   | Noticed a spiny frog
 13539 | Lair:1   | Killed Nergalle
 13539 | Lair:1   | Reached skill level 1 in Slings
 13541 | Lair:1   | Banished a spiny frog
 14362 | Lair:2   | Noticed an elephant
 14362 | Lair:2   | Noticed an elephant
 14371 | Lair:2   | Noticed an elephant
 14373 | Lair:2   | Noticed an elephant
 14373 | Lair:2   | Noticed an elephant
 14388 | Lair:1   | Killed an elephant
 14630 | Lair:2   | Noticed a spiny frog
 14686 | Lair:2   | Noticed an elephant
 14724 | Lair:2   | Found an ornate altar of the Wu Jian Council.
 15211 | Lair:3   | Noticed a spiny frog
 15374 | Lair:3   | Killed a spiny frog
 15374 | Lair:3   | Reached XP level 11. HP: 90/103 MP: 16/18
 15532 | Lair:2   | Reached skill level 10 in Invocations
 16142 | Lair:3   | Found a staircase to the Snake Pit.
 18090 | Lair:4   | Reached skill level 10 in Long Blades
 18097 | Lair:4   | Noticed a death yak
 18097 | Lair:4   | Noticed a death yak
 18108 | Lair:4   | Noticed a death yak
 18118 | Lair:4   | Noticed a death yak
 18120 | Lair:4   | Noticed a death yak
 18616 | Lair:4   | Found a staircase to the Shoals.
 19456 | Lair:4   | Identified a scroll of acquirement
 20052 | Lair:4   | Killed a death yak
 20052 | Lair:4   | Reached XP level 12. HP: 114/114 MP: 20/20
 20127 | Lair:4   | Killed a death yak
 20131 | Lair:4   | Killed a death yak
 20133 | Lair:4   | Killed a death yak
 20144 | Lair:4   | Killed a death yak
 20919 | Lair:5   | Found a staircase to the Slime Pits.
 20919 | Lair:5   | Found a viscous altar of Jiyva.
 20921 | Lair:5   | Noticed a death yak
 20928 | Lair:5   | Noticed Nessos
 21426 | Lair:5   | Noticed a death yak
 21433 | Lair:5   | Noticed a death yak
 21433 | Lair:5   | Noticed a death yak
 21493 | Lair:4   | Killed a death yak
 21495 | Lair:4   | Killed a death yak
 21873 | D:10     | Reached ***** piety under Lugonu
 22199 | D:10     | Noticed a two-headed ogre
 22229 | D:10     | Banished a two-headed ogre
 22229 | D:10     | Reached skill level 10 in Fighting
 22810 | D:10     | Found Doipn's Weapon Shoppe.
 22902 | D:11     | Found a frozen archway.
 22964 | IceCv    | Entered an ice cave
 23409 | IceCv    | Gained mutation: You are surrounded by a strong repulsion
                  | field. (EV +4, RMsl) [demonic ancestry]
 23409 | IceCv    | Reached XP level 13. HP: 121/123 MP: 22/22
 23448 | IceCv    | Noticed a reaper
 23468 | IceCv    | HP: 6/123 [something (6)]
 23469 | IceCv    | Engulfed by a cloud of freezing vapour

Levels and vault maps discovered:
D:1:      minmay_arrival_four_circles, layout_basic
D:2:      layout_rooms, nicolae_dithmenos_through_a_glass_darkly,
          chequers_temple_overflow_statue_of_worship
D:3:      layout_rooms, nicolae_ru_great_annihilating_truth, serial_forest,
          infiniplex_forest_lined_3_way, infiniplex_forest_straight_3,
          infiniplex_forest_clump_cross, infiniplex_forest_side_room,
          infiniplex_forest_corner_1, infiniplex_forest_lined_3_way,
          minmay_ogre_servants
D:4:      layout_gridville, marbit_many_paths, okawaru_trees_1, serial_shops,
          nicolae_shop_waterfront, first_ration, uniq_natasha
D:5:      layout_basic, grunt_temple_overflow_open, tgw_fedhas,
          ebering_ghost_sewer_f, minmay_stone_trees_medium, uniq_grinder
D:6:      layout_loops_corners, kennysheep_mini_moat, bloody_makhleb,
          minmay_temple_entry_glass, uniq_sigmund
D:7:      layout_basic, nicolae_gozag_seed_capital, basic_altar, uniq_harold
D:8:      layout_loops_ring
D:9:      layout_basic, due_lair_maze_entry_diamond, hangedman_pestilent_swarm
D:10:     layout_gridville, serial_shops, shop, minivault_7
D:11:     minmay_complete_graph, layout_basic, portal_ice_cave_entry_ice_beasts,
          uniq_erolcha
Lair:1:   layout_gridlike, gauntlet_entry_generic, minmay_holes,
          serial_bayou_shore_b, minmay_lair_oklob_chamber, grunt_megastairs_4,
          uniq_nergalle
Lair:2:   layout_cave_pods, basic_altar, bh_chokoban, minivault_24,
          serial_bayou_shore_b
Lair:3:   layout_regular_city, minmay_snake_entry_guardpost_small,
          serial_bayou_shore_b
Lair:4:   layout_regular_city, minmay_shoals_entry_beasts, minivault_27,
          infiniplex_staircase_pool
Lair:5:   layout_cave_pods, slime_altar_1, uniq_snorg, uniq_nessos
Abyss:1
IceCv:    ice_cave_small_demon
Gauntlet: gammafunk_gauntlet_one_two_three [gammafunk_gauntlet_arena_teeth,
          gammafunk_gauntlet_arena_open, gammafunk_gauntlet_arena_mazey,
          gammafunk_gauntlet_arena_chambers,
          minmay_gauntlet_arena_make_your_own_arena,
          gammafunk_gauntlet_arena_spirals, nicolae_gauntlet_arena_flowing_pool,
          gammafunk_gauntlet_arena_grid, gammafunk_gauntlet_arena_split_diamond,
          nicolae_gauntlet_exit_dead_adventurers]

Skill      XL: |  1  2  3  4  5  6  7  8  9 10 11 12 |
---------------+-------------------------------------+-----
Dodging        | 1 3 4 |  4.4
Long Blades    | 2 3 4 5 6 8 9 10 12 | 12.1
Armour         | 2 3 4 5 6 7 8 9 |  9.3
Invocations    | 3 4 5 6 8 9 11 12 | 12.6
Fighting       | 4 5 6 7 8 9 10 | 10.3
Slings         | 2 3 |  3.1

Action                   |  1- 3 |  4- 6 |  7- 9 | 10-12 | 13-15 || total
-------------------------+-------+-------+-------+-------+-------++-------
Melee: Falchion          |   159 |    28 |       |       |       ||   187
       Headbutt          |    12 |    14 |    50 |   157 |     3 ||   236
       Short sword       |       |    56 |   247 |   447 |       ||   750
       Great sword       |       |       |       |   299 |    15 ||   314
 Fire: Blowgun           |       |       |     4 |       |       ||     4
       Hunting sling     |       |       |       |    32 |       ||    32
Throw: Javelin           |       |       |     4 |       |       ||     4
Invok: Depart the Abyss  |     1 |       |       |       |       ||     1
       Banish            |       |       |       |     4 |     1 ||     5
       Bend Space        |       |       |       |     2 |       ||     2
       Corrupt           |       |       |       |     1 |       ||     1
Evoke: Wand              |       |     1 |     3 |       |       ||     4
  Use: Scroll            |       |    13 |     1 |    22 |     1 ||    37
       Potion            |       |       |     2 |     3 |     3 ||     8
 Stab: Paralysed         |       |       |     1 |       |       ||     1
       Distracted        |       |       |       |     4 |       ||     4
  Eat: Chunk             |     4 |     7 |    14 |    19 |       ||    44
       Ration            |       |       |       |     9 |       ||     9
Armor: Leather armour    |    48 |     1 |     4 |    55 |       ||   108
       Chain mail        |       |    28 |    77 |       |       ||   105
       Plate armour      |       |       |       |   239 |       ||   239
       Scale mail        |       |       |       |    78 |     5 ||    83
Dodge: Dodged            |   122 |    35 |   143 |   637 |    14 ||   951
       Rpst.: Falchion   |    23 |     5 |       |       |       ||    28
       Great sword       |       |       |       |    83 |     4 ||    87

Table legend:
 A = Non-vault XP
 B = Vault XP
 C = Vault XP percentage of total XP
 D = Non-vault monster count
 E = Vault monster count
 F = Vault count percentage of total count
                 A         B        C        D         E       F
            +---------+---------+-------+---------+---------+-------
      Total |   28526 |   10523 |  26.9 |     292 |      93 |  24.2
            +---------+---------+-------+---------+---------+-------
        D:1 |      25 |       0 |   0.0 |      15 |       0 |   0.0
        D:2 |      68 |       2 |   2.9 |      28 |       1 |   3.4
        D:3 |      61 |     120 |  66.3 |      12 |      10 |  45.5
        D:4 |      87 |      21 |  19.4 |      12 |       3 |  20.0
        D:5 |     338 |     322 |  48.8 |      12 |       6 |  33.3
        D:6 |     510 |     110 |  17.7 |      18 |       1 |   5.3
        D:7 |     464 |     529 |  53.3 |      16 |       1 |   5.9
        D:8 |    1315 |       0 |   0.0 |      26 |       0 |   0.0
        D:9 |    1566 |    2629 |  62.7 |      25 |      26 |  51.0
       D:10 |    2359 |     441 |  15.8 |      35 |       7 |  16.7
       D:11 |     628 |    1009 |  61.6 |       3 |       8 |  72.7
     Lair:1 |    1315 |     816 |  38.3 |       8 |       1 |  11.1
     Lair:2 |    2696 |       0 |   0.0 |      16 |       0 |   0.0
     Lair:3 |    3234 |     642 |  16.6 |      15 |       4 |  21.1
     Lair:4 |   11729 |     765 |   6.1 |      41 |       2 |   4.7
     Lair:5 |    2131 |       0 |   0.0 |      10 |       0 |   0.0
      IceCv |       0 |    3117 | 100.0 |       0 |      23 | 100.0
            +---------+---------+-------+---------+---------+-------
